Map: Nightshade LE

Players

antagomiR

  • Race: Protoss Protoss
  • League: Gold
  • Spawn Location: 5:00

Kowalski - Winner!

  • Race: Protoss Protoss
  • League: Silver
  • Spawn Location: 11:00

VOD

Have the link to the VOD?

Description

Time

  • Played on: April 10, 2020, 8:29 p.m.
  • Length: 6:51
Show
View Real Time Build Order
Export as new Build Order

antagomiR Protoss 

Build Orders: Blink Stalkers 

Get SALT Encoding   

  12  0:01  Probe  
  13  0:13  Probe  
  14  0:19  Pylon  
  14  0:25  Probe  
  15  0:38  Gateway  
  15  0:41  Probe  
  16  0:54  Probe  
  17  1:00  Assimilator  
  17  1:06  Probe  
  18  1:18  Probe  
  18  1:21  Assimilator  
  19  1:26  Cybernetics Core  
  19  1:32  Probe  
  20  1:45  Nexus  
  20  1:51  Probe  
  21  2:02  Pylon  
  21  2:03  Probe  
  21  2:07  Warp Gate (Chrono Boost)  
  22  2:15  Probe  
  22  2:18  Stalker (Chrono Boost)  
  25  2:28  Probe  
  26  2:40  Probe  
  27  2:50  Gateway  
  27  2:51  Gateway  
  27  2:52  Probe  
  27  2:56  Stalker  
  30  3:15  Twilight Council  
  30  3:16  Probe x2  
  32  3:28  Probe  
  32  3:30  Probe  
  34  3:40  Probe  
  35  3:42  Probe  
  36  3:52  Probe  
  36  3:54  Probe  
  38  3:59  Blink (Chrono Boost)  
  38  4:03  Pylon  
  38  4:04  Probe  
  38  4:05  Stalker x2  
  43  4:14  Probe  
  43  4:16  Probe  
  45  4:21  Pylon  
  45  4:25  Pylon  
  45  4:26  Probe, Robotics Facility  
  45  4:28  Probe  
  47  4:37  Stalker  
  47  4:38  Probe, Stalker  
  46  5:00  Stalker  
  41  5:19  Stalker x2  
  41  5:28  Probe x2  
  41  5:29  Shield Battery  
  43  5:37  Stalker  
  43  5:40  Probe  
  43  5:41  Probe  
  47  5:45  Stalker  
  47  5:46  Stalker  
  49  5:52  Probe  
  49  5:55  Pylon  
  42  6:08  Stalker  
  42  6:09  Stalker x2  
  36  6:33  Stalker  
  36  6:34  Stalker x2  
Show
View Real Time Build Order
Export as new Build Order

Kowalski Protoss - Winner!

Build Orders:  

Get SALT Encoding   

  12  0:01  Probe  
  13  0:15  Probe  
  13  0:20  Pylon  
  14  0:29  Probe  
  15  0:43  Forge  
  15  0:57  Gateway  
  15  1:00  Assimilator  
  15  1:08  Probe  
  16  1:20  Probe  
  16  1:22  Assimilator  
  17  1:32  Probe  
  18  1:44  Probe  
  18  1:45  Zealot  
  21  1:50  Cybernetics Core  
  21  1:56  Probe  
  21  1:57  Pylon  
  22  2:08  Probe  
  23  2:13  Pylon  
  23  2:18  Warp Gate  
  23  2:20  Probe  
  24  2:30  Stalker  
  24  2:32  Probe  
  27  2:41  Gateway  
  27  2:44  Probe (Chrono Boost)  
  28  2:56  Probe (Chrono Boost)  
  29  3:01  Probe (Chrono Boost)  
  29  3:06  Gateway  
  29  3:11  Probe  
  30  3:23  Probe  
  31  3:27  Stalker (Chrono Boost)  
  31  3:29  Zealot (Chrono Boost)  
  35  3:35  Probe  
  36  3:43  Pylon x2  
  36  3:44  Protoss Ground Weapons Level 1  
  36  3:46  Gateway  
  36  3:47  Probe  
  37  4:11  Gateway  
  37  4:13  Robotics Facility  
  37  4:19  Stalker  
  37  4:22  Zealot  
  39  5:03  Stalker  
  39  5:04  Stalker x2  
  41  5:13  Gateway  
  41  5:15  Gateway  
  41  5:20  Gateway  
  39  5:23  Gateway  
  39  5:27  Stalker x2  
  39  5:28  Stalker x2  
  41  5:54  Stalker x3  
  45  6:13  Stalker  
  47  6:40  Stalker  
  47  6:41  Stalker x3  
Tags
 
Composition
Blink Stalkers
Matchup
PvP
Replay Pack
20200422
Spawn Locations
Cross Positions
Add a new tag
Caveats
  • Supply blocks, unpowered buildings, or Contaminate may cause inaccurate times.
  • Supply counts are checked every 10 seconds.